 Dungeon Crawl Stone Soup version 0.31.0-7-gf635a9b802 (webtiles) character file.

Game seed: 15572147489697069751

1459 RancidPinata the Covert (level 8, -2/48 (58) HPs)
             Began as an Octopode Delver on Jan 23, 2024.
             Was an Initiate of Ru.
             Slain by a wight
             ... wielding a +3 dagger of freezing
              (4 damage)
             ... on level 7 of the Dungeon.
             The game lasted 00:25:47 (5880 turns).

RancidPinata the Covert (Octopode Delver)           Turns: 5880, Time: 00:25:47

HP:   -2/48 (58)    AC:  1    Str: 13    XL:     8   Next: 76%
MP:   8/8           EV: 15    Int: 12    God:    Ru [......]
Gold: 272           SH:  0    Dex: 14    Spells: 4/7 levels left

rFire   . . .        z - +0 short sword (drain)
rCold   . . .        (no shield)
rNeg    . . .        (helmet restricted)
rPois   .            l - amulet of the acrobat
rElec   .            E - ring of wizardry
rCorr   .            (no ring)
SInv    .            (no ring)
Will    .....        (no ring)
Stlth   +++++        (no ring)
HPRegen 0.28/turn    (no ring)
MPRegen 0.11/turn    (no ring)
                     (no ring)

%: acrobat, wizardry (x1)
@: hasted, heavily drained, very quick
A: almost no armour, amphibious, 8 rings, camouflage 1, gelatinous body 1,
(nimble swimmer 1), tentacles
a: Renounce Religion


You were on level 7 of the Dungeon.
You worshipped Ru.
Ru was noncommittal.
You visited 2 branches of the dungeon, and saw 9 of its levels.

You collected 272 gold pieces.

Inventory:

Hand Weapons
 h - a +0 rapier
 z - a +0 short sword of draining (weapon)
Missiles
 m - a throwing net (quivered)
 q - 47 stones
 u - 22 poisoned darts
 v - 7 curare-tipped darts
 C - 2 boomerangs
Magical Staves
 g - a staff of alchemy
Jewellery
 l - an amulet of the acrobat (around mantle)
 E - a ring of wizardry (left tentacle)
Wands
 a - a wand of paralysis (14)
 f - a wand of digging (3)
 A - a wand of roots (5)
Scrolls
 b - a scroll of fog
 c - 2 scrolls of revelation
 d - 2 scrolls of fear
 i - 3 scrolls of enchant weapon {unknown}
 k - a scroll of teleportation {unknown}
 n - 2 scrolls of amnesia {unknown}
 o - 8 scrolls of identify {unknown}
 r - 2 scrolls of poison {unknown}
 t - a scroll of acquirement {unknown}
 y - a scroll of vulnerability {unknown}
 B - a scroll of enchant armour {unknown}
 D - a scroll of blinking {unknown}
Potions
 e - a potion of haste
 j - a potion of degeneration {unknown}
 p - a potion of cancellation {unknown}
 w - a potion of ambrosia {unknown}
 x - a potion of brilliance {unknown}


   Skills:
 * Level 6.9 Fighting
 + Level 4.6 Short Blades
 * Level 6.4 Dodging
 + Level 8.9 Stealth


You had 4 spell levels left.
You knew the following spells:

 Your Spells              Type           Power      Damage    Failure   Level
a - Magic Dart            Conj           0%         1d3       13%         1
b - Blink                 Tloc           0%         N/A       21%         2

Your spell library contained the following spells:

 Spells                   Type           Power      Damage    Failure   Level
 Kiss of Death            Conj/Necr      0%         2d5       13%         1
 Call Imp                 Summ           0%         N/A       21%         2
 Searing Ray              Conj           0%         2d4       21%         2
 Confusing Touch          Hex            0%         N/A       36%         3
 Dispel Undead            Necr           0%         3d6       75%         4
 Fulminant Prism          Conj/Alch      0%         3d5       75%         4


Dungeon Overview and Level Annotations

Branches:
Dungeon (8/15)             Temple (1/1) D:7
   Lair: D:8-11

Altars:
Ashenzari
Cheibriados
Dithmenos
Elyvilon
Fedhas
Gozag
Hepliaklqana
Kikubaaqudgha
Makhleb
Nemelex Xobeh
Ru
Sif Muna
Trog
Vehumet
Wu Jian
Yredelemnul
Zin
The Shining One

Shops:
D:2 :   D:4 *

Annotations:
D:7 Maggie


Innate Abilities, Weirdness & Mutations

You cannot wear most types of armour.
You are amphibious.
You can wear up to eight rings at the same time.
Your skin changes colour to match your surroundings (Stealth+).
Your rubbery body absorbs attacks. (AC +1, EV +1)
((You are camouflaged when in or above water. (Stealth+)))
You have tentacles for arms and can constrict up to eight enemies at once.


Message History

The wight is moderately damaged.
You constrict the wight, but do no damage.
The wight closely misses you. The wight misses you.
You hit the wight.
The wight is heavily damaged.
You constrict the wight, but do no damage.
You hit the wight.
The wight is severely damaged.
You constrict the wight.
The wight hits you with a +3 dagger of freezing!
* * * LOW HITPOINT WARNING * * *
The wight freezes you.
* * * LOW HITPOINT WARNING * * *
The wight barely misses you.
It was a potion of curing.
You feel better.
You constrict the wight.
You destroy the wight!
The wight hits you with a +3 dagger of freezing.
* * * LOW HITPOINT WARNING * * *
You feel drained. The wight freezes you.
* * * LOW HITPOINT WARNING * * *
You feel better. The wight barely misses you.
You hit the wight. Your grab misses the wight.
The wight is lightly damaged.
The wight hits you with a +3 dagger of freezing.
* * * LOW HITPOINT WARNING * * *
The wight freezes you.
* * * LOW HITPOINT WARNING * * *
You feel better. The wight closely misses you.
You feel yourself speed up.
The wight hits you with a +3 dagger of freezing!
* * * LOW HITPOINT WARNING * * *
You feel drained.
* * * LOW HITPOINT WARNING * * *
The wight freezes you.
* * * LOW HITPOINT WARNING * * *
You feel better.
The wight hits you with a +3 dagger of freezing!
* * * LOW HITPOINT WARNING * * *
The wight freezes you.
You die...

#.......### ..#.#..####
#...##. .#......
#...#..>. #..###...
#..###..# #########
##..##..## #..<..)@#
#####..##..#.. #.#####z#
#.....#....... #.#
#.#.......###.
###.###.#.##..#.###.
#.........#........#
.........#.##.....##..#
#..##.#.#.#.###....##...
#. .....#.#.# ##...###.#
#.##.###.#.. .....# #.#


You could see a wight.

Vanquished Creatures
  Sigmund (D:2)
  Menkaure (D:4)
  Edmund (D:5)
  A black bear (D:3)
  A phantom (D:4)
  2 kobold brigands
  3 scorpions
  2 wights (D:7)
  A crimson imp (D:4)
  A centaur zombie (D:8)
  A bombardier beetle (D:5)
  A jelly (D:4)
  A hound (D:5)
  Jessica (D:2)
  Natasha (D:2)
  An iguana (D:4)
  An orc wizard (D:5)
  Robin (D:2)
  A howler monkey zombie (D:8)
  2 gnolls (D:3)
  6 adders
  3 white imps
  3 dart slugs
  2 ribbon worms
  8 orcs
  8 ball pythons
  2 endoplasms
  2 giant cockroaches
  12 goblins
  2 hobgoblins (D:2)
  2 jackals (D:2)
  9 quokkas
  4 bats
  2 frilled lizards
  29 kobolds
  3 rats
122 creatures vanquished.

Notes
Turn   | Place    | Note
-------+----------+-------------------------------------------
     0 | D:5      | RancidPinata the Octopode Delver began the quest for the
                  | Orb.
     0 | D:5      | Reached XP level 1. HP: 16/16 MP: 1/1
    58 | D:5      | Reached XP level 2. HP: 21/21 MP: 2/2
   202 | D:5      | Noticed a scorpion
   233 | D:5      | Noticed Edmund
   279 | D:5      | Killed Edmund
   280 | D:5      | Reached skill level 7 in Stealth
   280 | D:5      | Reached XP level 3. HP: 27/27 MP: 3/3
   280 | D:5      | Reached XP level 4. HP: 33/33 MP: 4/4
   280 | D:5      | Reached XP level 5. HP: 37/37 MP: 5/5
   757 | D:5      | Reached XP level 6. HP: 44/44 MP: 6/6
  1028 | D:4      | Noticed Menkaure
  1517 | D:2      | Noticed Sigmund
  1524 | D:2      | Killed Sigmund
  1525 | D:2      | Reached skill level 5 in Fighting
  1525 | D:2      | Reached XP level 7. HP: 50/50 MP: 7/7
  1530 | D:2      | Noticed Natasha
  1534 | D:2      | Killed Natasha
  1558 | D:2      | Learned a level 1 spell: Magic Dart
  1629 | D:2      | Noticed Jessica
  1632 | D:2      | Killed Jessica
  1720 | D:2      | Found Vys Desch's Book Shop.
  1730 | D:2      | Noticed Robin
  1738 | D:2      | Killed Robin
  2273 | D:1      | Learned a level 2 spell: Blink
  2702 | D:3      | Reached skill level 5 in Dodging
  2702 | D:3      | Reached skill level 8 in Stealth
  2828 | D:3      | Found a sparkling altar of Nemelex Xobeh.
  3184 | D:3      | Found a broken altar of Ashenzari.
  3830 | D:4      | Found Olewailit's Fire Supplies.
  3941 | D:4      | Reached XP level 8. HP: 50/57 MP: 8/8
  4189 | D:4      | Killed Menkaure
  5474 | D:7      | Found a staircase to the Ecumenical Temple.
  5483 | Temple   | Entered the Ecumenical Temple
  5506 | Temple   | Became a worshipper of Ru the Awakened
  5599 | D:7      | Noticed Maggie
  5874 | D:7      | HP: 2/49 [wight/+3 dagger of freezing (3)]
  5879 | D:7      | HP: 2/48 [wight/+3 dagger of freezing (4)]
  5880 | D:7      | Slain by a wight

Illustrated notes

Levels and vault maps discovered:
D:1:      dpeg_arrival_tiny_j, layout_loops_cross, minivault_23,
          hangedman_feature_mirror
D:2:      layout_basic, serial_shops, nicolae_shop_waterfront, uniq_jessica,
          uniq_sigmund, uniq_robin, uniq_natasha
D:3:      layout_loops_ring, nicolae_ashenzari_skybound, lemuel_crystal_altar,
          chequers_serial_rivers_micro_c
D:4:      kennysheep_kobold_camp, layout_basic, minivault_4,
          nicolae_shop_fire_sale [nicolae_sub_dead_trees], chequers_jeans,
          minmay_misc_feat_iff, minmay_fire_ice_demons, uniq_menkaure
D:5:      layout_gridville, grunt_ministairs_11, uniq_edmund
D:6:      layout_rooms, mainiacjoe_overflow_small_starburst, serial_shops,
          nicolae_shop_hallway_plus
D:7:      layout_loops_corners, minmay_temple_entry_wispy, uniq_maggie
D:8:      layout_rooms, serial_undead, serial_undead_a, serial_undead_a,
          serial_undead_d, serial_undead_b, serial_undead_a, serial_undead_c,
          serial_shops, kennysheep_mini_moat, kennysheep_island_fort
Temple:   kb_temple_of_zot

Skill      XL: |  1  2  3  4  5  6  7  8 |
---------------+-------------------------+-----
Fighting       | 4 5 6 |  6.9
Dodging        | 3 4 5 6 |  6.4
Stealth        | 7 8 |  8.9
Short Blades   | 3 4 |  4.6

Action                     |  1- 3 |  4- 6 |  7- 9 || total
---------------------------+-------+-------+-------++-------
  Melee: Tentacles         |     4 |     9 |    99 ||   112
         Short sword       |     3 |       |   192 ||   195
         Constrict         |     2 |    10 |    63 ||    75
         Rapier            |     4 |    57 |   138 ||   199
         Punch             |       |     2 |     5 ||     7
  Evoke: Wand              |     1 |       |       ||     1
    Use: Potion            |       |       |     5 ||     5
   Stab: Paralysed         |     3 |       |       ||     3
         Sleeping          |       |     7 |    28 ||    35
         Distracted        |       |       |     1 ||     1
 Armour: Skin              |       |    30 |    88 ||   118
  Dodge: Dodged            |     3 |    35 |   157 ||   195
